cohdb
Replays
Latest Replays
All Replays
Popular Replays
Top Player Replays
Match Explorer
How It Works
Community
CoH3 Stats
Reddit
Sign in to upload your games and track your stats! →
Sign in with Steam
Match 40224730
Unlisted
Match 40224730
Overview
Messages
Build Orders
End
Construct Barracks
Selects Heavy Weapons
Riflemen Squad
1⁄4-ton 4x4 Truck
Riflemen Squad
Engineer Squad
Scout Squad
Engineer Squad
Engineer Squad
Construct Medical Station
Infantry Support Center
Mortar Pit
Construct Weapon Support Center
M1919 Machine Gun Team
M1918 Browning Automatic Rifles
Selects M2HB .50cal Heavy Machine Gun
Selects Rapid Reposition
Construct Motor Pool
Construct Motor Pool
M3 Armored Personnel Carrier
Construct Tank Depot
Bazooka Squad
Selects Bolstered Team Weapons
.30 cal Machine Gun
M1919 Machine Gun Team
M4(105) Sherman Bulldozer
Construct Motor Pool
Selects Assault Carriers
Selects Exchangeable Parts
Selects Towed M5 3-inch Anti-tank Gun
Riflemen Squad
M18 Hellcat Tank Destroyer
Colonel0tto
flyingpancake
Leo invictum
IronCross
0
0
Comments
sign in to comment!
No comments posted yet!